 Dungeon Crawl Stone Soup version 0.29.1-2-gbd0b4ee654 (webtiles) character file.

Game seed: 13947387596016971732

60 xian the Shooter (level 4, -12/26 HPs)
             Began as a Tengu Arcane Marksman on Nov 2, 2022.
             Mangled by Pikel
             ... wielding a +0 whip of electrocution
              (14 damage)
             ... on level 3 of the Dungeon.
             The game lasted 00:04:51 (2696 turns).

xian the Shooter (Tengu Arcane Marksman)            Turns: 2696, Time: 00:04:52

Health: -12/26     AC:  7    Str: 12    XL:     4   Next: 6%
Magic:  6/6        EV: 12    Int: 14    God:
Gold:   169        SH:  3    Dex: 14    Spells: 0/5 levels left

rFire   + . .      SeeInvis .   a - +1 sling (flame)
rCold   . . .      Faith    .   m - +0 buckler
rNeg    . . .      Spirit   .   c - +0 robe
rPois   .          Reflect  .   (helmet restricted)
rElec   .          Harm     .   f - +0 cloak
rCorr   .          Rampage  .   (no gloves)
Will    .....                   (boots unavailable)
Stlth   +.........              (no amulet)
HPRegen 0.08/turn               e - +4 ring of protection
MPRegen 0.10/turn               o - ring of protection from fire

@: flying
A: beak, talons 3
a: no special abilities


You were on level 3 of the Dungeon.
You visited 1 branch of the dungeon, and saw 4 of its levels.

You collected 169 gold pieces.

Inventory:

Hand Weapons
 a - a +1 sling of flaming (weapon)
 q - a +0 short sword
Missiles
 g - 5 poisoned darts
 s - a throwing net
Armour
 c - a +0 robe (worn)
 f - a +0 cloak (worn)
 m - a +0 buckler (worn)
Magical Staves
 j - a staff of death
Jewellery
 e - a +4 ring of protection (left hand)
 o - a ring of protection from fire (right hand)
 p - an amulet of the acrobat
Scrolls
 b - a scroll of poison
 d - 2 scrolls of identify
 l - a scroll of teleportation {unknown}
Potions
 h - a potion of attraction
 k - a potion of curing


   Skills:
 + Level 2.0 Fighting
 * Level 3.4 Ranged Weapons
 + Level 2.2 Dodging
 + Level 0.5 Stealth
 + Level 1.0 Spellcasting
 + Level 2.5 Hexes


You couldn't memorise any spells.
You knew the following spells:

 Your Spells              Type           Power      Damage    Failure   Level
a - Slow                  Hex            28%        N/A       13%         1
b - Inner Flame           Hex/Fire       4%         N/A       54%         3
c - Summon Small Mammal   Summ           0%         N/A       34%         1

Your spell library contained the following spells:

 Spells                   Type           Power      Damage    Failure   Level
 Portal Projectile        Hex/Tloc       8%         N/A       54%         3
 Summon Guardian Golem    Hex/Summ       4%         N/A       54%         3
 Call Canine Familiar     Summ           0%         N/A       71%         3
 Cause Fear               Hex            3%         N/A       77%         4


Dungeon Overview and Level Annotations

Branches:
Dungeon (4/15)
 Temple: D:4-7

Altars:
Trog
Xom

Annotations:
D:3 Pikel


Innate Abilities, Weirdness & Mutations

You have a beak for a mouth.
You have claws for feet.


Message History

Unknown command.
As you read the scroll labelled NOISOEX LEECI, it crumbles to dust.
It is a scroll of identify.
n - a scroll of brand weapon Pikel barely misses you.
As you read the scroll of brand weapon, it crumbles to dust.
Your +1 sling is engulfed in flames!
a - a +1 sling of flaming Pikel closely misses you.
Your +1 sling of flaming bursts into flame!
a - a +1 sling of flaming (weapon)
Pikel hits you with a +0 whip of electrocution.
* * * LOW HITPOINT WARNING * * *
Unknown command.
You are too injured to fight recklessly!
You are too injured to fight recklessly!
You are too injured to fight recklessly!
You are too injured to fight recklessly!
Fire: a) +1 sling (flame)
Press: ? - help, Q - select action, (/) - cycle Shift-Dir - straight line, f - Pikel
Aim: Pikel, wielding a +0 whip of electrocution and wearing a +0 robe (moderately wounded, 51% to hit)
You shoot a sling bullet. The sling bullet barely misses Pikel.
Pikel hits you but does no damage.
Fire: a) +1 sling (flame)
Press: ? - help, Q - select action, (/) - cycle Shift-Dir - straight line, f/p - Pikel
Aim: Pikel, wielding a +0 whip of electrocution and wearing a +0 robe (moderately wounded, 51% to hit)
You shoot a sling bullet. The sling bullet hits Pikel.
The sling bullet burns Pikel.
Pikel is moderately wounded.
Pikel says, "I just want to get paid!"
Pikel hits you but does no damage.
Fire: a) +1 sling (flame)
Press: ? - help, Q - select action, (/) - cycle Shift-Dir - straight line, f/p - Pikel
Aim: Pikel, wielding a +0 whip of electrocution and wearing a +0 robe (moderately wounded, 51% to hit)
You shoot a sling bullet. The sling bullet closely misses Pikel.
Pikel hits you with a +0 whip of electrocution.
* * * LOW HITPOINT WARNING * * *
You are electrocuted!
Ouch! That really hurt!
You die...

....# #.# #.# #. ##..# #.# #.# #.
#).# #.# #.####. #..# #.# #......
#..# #.# ###############.. ##..##
#.# #......)..# #..
†....########.###.#######.# #..
###...........#...##### #.# #..
#..#######...K@.....# #.# ##.
#..##...##......###.###.######.
###..#....)#.....................
..#..#................###.###.###
#.#..#.....#..##..###.# #.# #.#
#.#..##...##..##..###.###.###.##
#.##.###)###..##..........##...##
#.............##...####...#.....#
#####..#########.###..###........


You could see Pikel.

Vanquished Creatures
  An adder (D:3)
  A worm (D:2)
  2 dart slugs
  An orc (D:3)
  3 ball pythons (D:1)
  3 endoplasms
  A giant cockroach (D:2)
  2 goblins (D:3)
  4 hobgoblins
  8 kobolds
  2 quokkas
  4 bats
  5 frilled lizards
  5 rats (D:2)
42 creatures vanquished.

Notes
Turn   | Place    | Note
-------+----------+-------------------------------------------
     0 | D:1      | xian the Tengu Arcane Marksman began the quest for the Orb.
     0 | D:1      | Reached XP level 1. HP: 12/12 MP: 3/3
   371 | D:1      | Reached XP level 2. HP: 16/16 MP: 4/4
  1014 | D:2      | Reached XP level 3. HP: 20/20 MP: 5/5
  1069 | D:2      | Identified the +1 pair of boots of the Storm King {Fly
                  | rElec Will+++ Dex-2}
  1168 | D:2      | Learned a level 3 spell: Inner Flame
  1389 | D:2      | Reached skill level 3 in Ranged Weapons
  1405 | D:2      | Found a faded altar of an unknown god.
  1803 | D:3      | Found a shimmering altar of Xom.
  2350 | D:3      | Found a bloodstained altar of Trog.
  2372 | D:3      | Reached XP level 4. HP: 22/26 MP: 6/6
  2566 | D:3      | Learned a level 1 spell: Summon Small Mammal
  2675 | D:4      | Noticed Pikel
  2675 | D:4      | Noticed a lemure
  2696 | D:3      | Mangled by Pikel

Illustrated notes

Levels and vault maps discovered:
D:1:      lemuel_arrival_river_ford, layout_basic, minivault_14,
          minmay_misc_feat_hallway, roderic_three_in_a_row, minmay_pentomino_r4
D:2:      layout_basic, shapermc_ecumenical_altar_hornbeckon
D:3:      layout_loops_ring, trog_hazing_becter, mainiacjoe_overflow_alcove_1,
          minmay_misc_feat_enclosed, minmay_surrounded
D:4:      kennysheep_big_flooded_room, layout_basic,
          minmay_temple_entry_mini_moons, serial_bayou_crossing, uniq_ijyb,
          uniq_eustachio, uniq_pikel, uniq_grinder

Skill      XL: |  1  2  3 |
---------------+----------+-----
Ranged Weapons | 3 |  3.4
Fighting       | 2 |  2.0
Dodging        | |  2.2
Stealth        | |  0.5
Spellcasting   | |  1.0
Hexes          | |  2.5

Action                   |  1- 3 |  4- 6 || total
-------------------------+-------+-------++-------
Melee: Short sword       |       |     8 ||     8
       Kick              |       |     4 ||     4
 Fire: Sling             |   124 |    15 ||   139
Throw: Dart              |     3 |       ||     3
 Cast: Slow              |     3 |       ||     3
  Use: Potion            |       |     4 ||     4
       Scroll            |       |     2 ||     2
Armor: Robe              |    16 |     7 ||    23
Dodge: Dodged            |    35 |    11 ||    46
Block: Buckler           |    13 |     3 ||    16
